 Dungeon Crawl Stone Soup version 0.31-a0-145-g046c7d2549 (webtiles) character file.

Game seed: 12231242959666338228

1680 Angani the Magician (level 8, -1/57 HPs)
             Began as a Demigod Conjurer on June 5, 2023.
             Slain by a wight
             ... wielding a +5 morningstar
              (18 damage)
             ... on level 7 of the Dungeon.
             The game lasted 00:12:52 (6927 turns).

Angani the Magician (Demigod Conjurer)              Turns: 6927, Time: 00:12:53

Health: -1/57      AC:  3    Str:  8    XL:     8   Next: 43%
Magic:  8/20       EV: 12    Int: 28    God:
Gold:   424        SH:  0    Dex: 12    Spells: 6/19 levels left

rFire   . . .        l - +9 mace "Jellyslayer" {venom, rElec rPois}
rCold   . . .        r - orb {*channel}
rNeg    . . .        a - +0 robe
rPois   +            (no helmet)
rElec   +            j - scarf {repulsion}
rCorr   .            s - +0 pair of gloves
SInv    .            (no boots)
Will    +....        (no amulet)
Stlth   ++           k - ring of willpower
HPRegen 0.29/turn    (no ring)
MPRegen 0.17/turn

%: repel missiles, channel magic (20%)
@: no status effects
A: high MP 1, forlorn, divine attributes
a: no special abilities


You were on level 7 of the Dungeon.
You visited 1 branch of the dungeon, and saw 7 of its levels.

You collected 460 gold pieces.
You spent 36 gold pieces at shops.

Inventory:

Hand Weapons
 l - the +9 mace "Jellyslayer" (weapon) {venom, rElec rPois}
   (You found it on level 2 of the Dungeon)

   rElec:     It insulates you from electricity.
   rPois:     It protects you from poison.
Armour
 a - a +0 robe (worn)
 j - a scarf of repulsion (worn)
 r - an orb of energy (worn)
 s - a +0 pair of gloves (worn)
Jewellery
 k - a ring of willpower (left hand)
 t - an amulet of guardian spirit
Wands
 h - a wand of charming (27)
 B - a wand of iceblast (8)
 C - a wand of flame (17)
Scrolls
 c - 2 scrolls of magic mapping
 e - a scroll of teleportation
 f - a scroll of poison
 i - a scroll of brand weapon {unknown}
 m - a scroll of enchant armour {unknown}
 n - a scroll of enchant weapon {unknown}
 p - a scroll of summoning {unknown}
 q - a scroll of vulnerability {unknown}
 v - 2 scrolls of immolation
 y - a scroll of amnesia {unknown}
 A - a scroll of noise {unknown}
Potions
 b - a potion of magic
 d - 4 potions of curing
 g - 2 potions of enlightenment
 o - 3 potions of brilliance
 u - 2 potions of mutation
 w - a potion of attraction
 x - a potion of invisibility {unknown}
 z - a potion of ambrosia {unknown}


   Skills:
 - Level 1.7 Dodging
 - Level 1.7 Stealth
 + Level 6.1 Spellcasting
 - Level 5.6 Conjurations
 + Level 4.4 Hexes
 + Level 4.5 Translocations


You had 6 spell levels left.
You knew the following spells:

 Your Spells              Type           Power      Damage    Failure   Level
a - Magic Dart            Conj           100%       1d8       4%          1
b - Searing Ray           Conj           78%        2d7       4%          2
c - Blink                 Tloc           66%        N/A       6%          2
d - Fulminant Prism       Conj/Hex       18%        3d10      21%         4
e - Iskenderun's Mystic   Conj/Tloc      36%        2d9       21%         4

Your spell library contained the following spells:

 Spells                   Type           Power      Damage    Failure   Level
 Momentum Strike          Conj/Tloc      72%        3d10      5%          2
 Lesser Beckoning         Tloc           66%        N/A       6%          2
 Dazzling Flash           Conj/Hex       72%        N/A       9%          3
 Inner Flame              Hex/Fire       21%        N/A       19%         3
 Sublimation of Blood     Necr           8%         N/A       22%         2
 Manifold Assault         Tloc           33%        N/A       24%         4
 Irradiate                Conj/Tmut      12%        3d15      69%         5
 Petrify                  Tmut/Erth      8%         N/A       73%         4
 Yara's Violent Unravell  Hex/Tmut       10%        3d6       75%         5
 Enfeeble                 Hex            16%        N/A       100%        7
 Storm Form               Tmut/Air       4%         N/A       100%        7


Dungeon Overview and Level Annotations

Branches:
Dungeon (7/15)             Temple (0/1) D:6

Shops:
D:3 !


Innate Abilities, Weirdness & Mutations

You have an increased reservoir of magic. (+10% MP)
You shall have no god before yourself.
Your divine heritage dramatically boosts your attributes as you level up.


Message History

The wight is almost destroyed.
The searing ray hits the wight but does no damage.
The wight is moderately damaged.
The searing ray hits the wight.
The wight is moderately damaged.
You finish channelling your searing ray.
The wight hits you with a +0 short sword!
You feel drained.
* * * LOW HITPOINT WARNING * * *
Casting: Searing Ray (safe; 4% risk of failure)
Confirm with . or Enter, or press ? or * to list all spells.
You don't know that spell.
Unknown command.
Unknown command.
Unknown command.
Unknown command.
Unknown command.
Unknown command.
Casting: Searing Ray (safe; 4% risk of failure)
Confirm with . or Enter, or press ? or * to list all spells.
Aiming: Searing Ray (safe; 4% risk of failure)
Press: ? - help, Shift-Dir - straight line, f/p - wight
Aim: a wight, wielding a +0 short sword and wearing a +0 robe (almost destroyed, 81% to hit)
The searing ray hits the wight.
You destroy the wight!
The searing ray hits the wight.
The wight is severely damaged.
The searing ray hits the wight!
The wight is almost destroyed. (Press . to maintain the ray.)
Your life force feels restored.
The searing ray hits the wight.
The wight is severely damaged.
The searing ray hits the wight!
You destroy the wight!
The wight barely misses you.
The searing ray hits the wight.
The wight is almost destroyed.
The wight hits you with a +5 morningstar!!
You die...

######.#.######.### #
#...## #.# #
##.#########.## #
#.............#
####..#.....###..#
........###.###..###...
####..#.###............
#).#.###.##.#.###...
#..# .#..##.#@# . #..#
.#.. #.#z# #... $_..
#.#)#
......#..##.#)####..#
#.....#.............#
.###....#.####.##
.###......# ###.#.#.)#
.......#..#


You could see a wight.

Vanquished Creatures
  A sky beast (D:6)
  4 ogres (D:5)
  A centaur (D:7)
  A phantom (D:4)
  2 scorpions
  2 gnoll sergeants (D:5)
  4 wights (D:7)
  3 howler monkeys
  A jelly (D:5)
  4 hounds
  2 orc wizards
  2 iguanas (D:6)
  7 gnolls (D:5)
  11 adders
  3 white imps
  3 worms (D:2)
  3 dart slugs
  17 orcs
  7 endoplasms
  3 giant cockroaches
  7 hobgoblins
  6 jackals
  2 quokkas (D:4)
  9 ball pythons
  5 bats
  2 frilled lizards
  6 goblins
  3 kobolds
  3 rats
124 creatures vanquished.

Notes
Turn   | Place    | Note
-------+----------+-------------------------------------------
     0 | D:1      | Angani the Demigod Conjurer began the quest for the Orb.
     0 | D:1      | Reached XP level 1. HP: 14/14 MP: 5/5
   122 | D:1      | Reached skill level 2 in Spellcasting
   196 | D:1      | Reached XP level 2. HP: 20/20 MP: 1/7
   870 | D:2      | Learned a level 2 spell: Searing Ray
   937 | D:2      | Reached XP level 3. HP: 26/26 MP: 3/9
  1953 | D:2      | Identified the +9 mace "Jellyslayer" {venom, rElec rPois}
  2227 | D:3      | Learned a level 2 spell: Blink
  2280 | D:3      | Found Buezuehy's Distillery.
  2287 | D:3      | Bought a potion of curing for 36 gold pieces
  2655 | D:3      | Reached skill level 3 in Spellcasting
  2655 | D:3      | Reached XP level 4. HP: 33/33 MP: 7/11
  3029 | D:3      | Reached XP level 5. HP: 38/38 MP: 7/13
  3211 | D:3      | Reached skill level 5 in Conjurations
  4087 | D:4      | Reached skill level 4 in Spellcasting
  4087 | D:4      | Reached XP level 6. HP: 39/45 MP: 5/15
  4280 | D:4      | Learned a level 4 spell: Fulminant Prism
  4285 | D:4      | Learned a level 4 spell: Iskenderun's Mystic Blast
  4666 | D:5      | Entered Level 5 of the Dungeon
  4764 | D:5      | Reached skill level 1 in Hexes
  4764 | D:5      | Reached skill level 1 in Translocations
  5222 | D:5      | Reached XP level 7. HP: 50/50 MP: 9/17
  5651 | D:5      | Reached skill level 5 in Spellcasting
  6224 | D:6      | Reached XP level 8. HP: 57/57 MP: 11/19
  6349 | D:6      | Found a staircase to the Ecumenical Temple.
  6924 | D:7      | Reached skill level 6 in Spellcasting
  6927 | D:7      | Slain by a wight

Illustrated notes

Levels and vault maps discovered:
D:1:      lightli_molten_gateway, layout_rooms, serial_aquarium,
          aquarium_bridge_island_large [aquarium_subvault_large_open,
          aquarium_subvault_balcony, aquarium_subvault_bridge,
          aquarium_subvault_bridge, aquarium_subvault_balcony],
          aquarium_window_fake, aquarium_window_2, aquarium_window_1,
          aquarium_view_2b, aquarium_view_2a, aquarium_balcony_5b,
          aquarium_pool_double
D:2:      layout_basic, serial_aquarium, aquarium_bridge_square
          [aquarium_subvault_bridge, aquarium_subvault_bridge,
          aquarium_subvault_balcony, aquarium_subvault_window],
          aquarium_window_1, aquarium_window_3, aquarium_window_fake,
          aquarium_window_1, aquarium_view_2f, aquarium_balcony_5b,
          minmay_misc_feat_x, chequers_avenue
D:3:      layout_basic, nicolae_wu_jian_glorious_leap, serial_shops,
          shop_statue, st_stairs_12, minmay_snake_closets
D:4:      layout_basic, overflow_temple_1_default
D:5:      layout_basic
D:6:      layout_basic, mainiacjoe_overflow_surrounded_room,
          minmay_temple_entry_junction_2
D:7:      layout_loops_ring, cheibrodos_ashenzari_chains,
          nicolae_vehumet_radiance, kiku_gazebo_garden_becter,
          grunt_temple_overflow_open

Skill      XL: |  1  2  3  4  5  6  7  8 |
---------------+-------------------------+-----
Spellcasting   | 2 3 4 5 6 |  6.1
Conjurations   | 4 5 |  5.6
Hexes          | 1 3 4 |  4.4
Translocations | 1 3 4 |  4.5
Dodging        | |  1.7
Stealth        | |  1.7

Action                     |  1- 3 |  4- 6 |  7- 9 || total
---------------------------+-------+-------+-------++-------
  Melee: Unarmed           |    20 |       |       ||    20
         Mace              |       |     3 |     2 ||     5
   Cast: Magic Dart        |    89 |   115 |    31 ||   235
         Searing Ray       |     1 |    10 |    21 ||    32
    Use: Scroll            |       |     6 |     2 ||     8
 Armour: Robe              |     5 |     5 |     3 ||    13
  Dodge: Dodged            |    23 |    16 |    17 ||    56
         Repelled          |       |     1 |       ||     1

Table legend: (Time is in decaauts)
 A = Elapsed time spent in this place.
 B = Non-inter-level travel time spent in this place.
 C = Inter-level travel time spent in this place.
 D = Time resting spent in this place.
 E = Time spent auto-exploring this place.
 F = Levels seen in this place.
 G = Mean time per level.
                   A        B        C        D        E       F      G
               +--------+--------+--------+--------+--------+-----+--------+
         Total |   6926 |   6704 |    222 |    459 |   5525 |   7 |  989.4 |
       Dungeon |   6926 |   6704 |    222 |    459 |   5525 |   7 |  989.4 |
               +--------+--------+--------+--------+--------+-----+--------+

Top non-repeatable levels by time:
     D:5: 1462 daAuts
     D:2: 1423 daAuts
     D:3: 1381 daAuts
     D:4: 1062 daAuts
     D:1: 798 daAuts
     D:6: 608 daAuts
     D:7: 190 daAuts
